AoeStats
← MurderHoles

African Clearing

510812035Analyzed
2v2 RM · 18h ago on Oct 2, 2026· 53m 5s· 4 players
Game mode
Random Map
Map size
Medium (4 player)
Population
200
Speed
Normal
Resources
Standard
Victory
Conquest
Starting age
Dark Age
Ending age
Imperial Age
RankedLock teamsTeams togetherTeam positionsShared explorationLock speedFull tech treeHidden civsTurbo modeCheats
Victory
Defeat
🇦🇹 Mongols · Austria
1048
+17
🇦🇹 Vietnamese · Austria
1026
+17
🇺🇸 Varangians · United States
1070
-17
🇺🇸 Varangians · United States
1061
-17
Ecolibeats
6:46 Loom
13:41 Feudal Age
18:19 Castle Age
17:22 Stone Mining
17:20 Double-Bit Axe
17:29 Gold Mining
17:25 Horse Collar
29:11 Pikeman
31:37 Fletching
33:39 Wheelbarrow
40:52 Heavy Plow
41:08 Squires
42:19 Hand Cart
45:44 Imperial Age
43:35 Hand Cart
43:32 Scale Mail Armor
44:59 Bow Saw
52:05 Forging
52:06 Arson
anita__
11:01 Loom
13:07 Feudal Age
14:21 Double-Bit Axe
15:21 Bloodlines
15:46 Scale Barding Armor
17:09 Forging
27:53 Castle Age
28:07 Scale Mail Armor
29:08 Bow Saw
28:42 Horse Collar
29:39 Wheelbarrow
29:45 Fletching
29:55 Padded Archer Armor
29:33 Light Cavalry
33:11 Hand Cart
32:41 Town Watch
32:40 Pikeman
34:59 Bodkin Arrow
35:20 Leather Archer Armor
36:16 Ballistics
37:20 Iron Casting
37:00 Chain Mail Armor
37:08 Town Patrol
37:34 Husbandry
43:13 Imperial Age
41:40 Masonry
44:56 Chemistry
44:43 Conscription
44:48 Squires
47:00 Parthian Tactics
47:09 Bracer
48:13 Heavy Cavalry Archer
51:12 Chain Barding Armor
51:52 Blast Furnace
51:23 Plate Mail Armor
SpacemanSpiff
7:19 Loom
15:22 Feudal Age
19:40 Castle Age
20:10 Bloodlines
20:35 Town Watch
21:05 Scale Barding Armor
22:24 Forging
24:47 Wheelbarrow
27:46 Gold Mining
29:59 Scale Mail Armor
32:00 Squires
31:52 Gambesons
34:15 Horse Collar
37:29 Heavy Plow
38:05 Chain Barding Armor
38:21 Husbandry
40:02 Iron Casting
40:41 Hand Cart
45:19 Imperial Age
43:01 Fletching
45:10 Vendel Legacy
49:31 Bodkin Arrow
50:38 Blast Furnace
50:48 Crop Rotation
50:30 Cavalier
MurderHoles
6:29 Loom
13:34 Feudal Age
17:07 Bloodlines
21:37 Castle Age
26:56 Double-Bit Axe
40:55 Horse Collar
41:52 Stone Mining
43:19 Squires
44:35 Husbandry
47:35 Fletching
51:09 Imperial Age
49:24 Bow Saw
Connection lost

Rejoining the realm…

Still unreachable

The connection could not be restored.

Session expired

The server has moved on; the page needs a fresh start.